[Event "ICC Open 2015"]
[Site "Internet Chess Club"]
[Date "2015.05.29"]
[Round "5"]
[White "chessdjw"]
[Black "knightstar"]
[Result "0-1"]
[ICCResult "White forfeits on time"]
[WhiteElo "2179"]
[BlackElo "1845"]
[Opening "Réti opening"]
[ECO "A04"]
[NIC "QP.11"]
[Time "14:47:13"]
[TimeControl "180+0"]

1. Nf3 g6 2. c4 Bg7 3. Nc3 e5 4. e4 Nc6 5. d3 d6 6. Be3 h6 7. Be2 Nge7 8. d4
f6 9. d5 Nb8 10. Nd2 Nd7 11. Bg4 O-O 12. Be6+ Kh7 13. O-O f5 14. f3 Nf6 15.
Bxc8 Qxc8 16. c5 Qd7 17. Rc1 a6 18. Nc4 fxe4 19. fxe4 Ng4 20. Qe2 Nxe3 21.
Qxe3 h5 22. cxd6 cxd6 23. Nb6 Qd8 24. Nxa8 Bh6 25. Qb6 Bxc1 26. Rxc1 Qxa8
27. Qxd6 Qa7+ 28. Kh1 Qf2 29. Rg1 Rf7 30. Qxe5 Qxb2 31. d6 Nc6 32. Qe6 Rg7
33. Nd5 Qf2 34. Nf6+ Kh6 35. Ng8+ Kh7 36. Nf6+ Kh6 37. d7 Nd8 38. Ng8+ Rxg8
{White forfeits on time}
0-1

[Event "ICC Open 2015"]
[Site "Internet Chess Club"]
[Date "2015.05.29"]
[Round "5"]
[White "HematiteBrown"]
[Black "depressnyak"]
[Result "0-1"]
[ICCResult "White resigns"]
[WhiteElo "2090"]
[BlackElo "3270"]
[Opening "Sicilian defense"]
[ECO "B32"]
[NIC "SI.32"]
[Time "14:48:32"]
[TimeControl "180+0"]

1. e4 c5 2. Nf3 Nc6 3. d4 cxd4 4. Nxd4 Qb6 5. Nb3 Nf6 6. Nc3 e6 7. Be3 Qc7
8. Qd2 a6 9. O-O-O b5 10. Bd3 Ne5 11. Kb1 Bb7 12. f4 Nc4 13. Qe2 Bb4 14. e5
Bxc3 15. exf6 Bxf6 16. Bd4 Bxd4 17. Nxd4 Qxf4 18. Bxc4 bxc4 19. Qxc4 O-O 20.
Rhf1 Qe4 21. Qb3 Bd5 22. Qa3 Rac8 23. Rfe1 Qg6 24. b3 Be4 25. Rd2 e5 26. Nf3
Rxc2 27. Rxc2 Bxc2+ 28. Ka1 Qxg2 29. Nxe5 Qd2 30. Rc1 Bg6 31. Qb2 Qxb2+ 32.
Kxb2 d6 33. Nd7 Rd8 34. Nb6 h5 35. Rc7 Be4 36. Kc3 g5 37. a4 g4 38. Nc4 h4
39. Nd2 Ba8 40. Kd4 g3 41. h3 g2 {White resigns} 0-1

[Event "ICC Open 2015"]
[Site "Internet Chess Club"]
[Date "2015.05.29"]
[Round "5"]
[White "MeWantCookie"]
[Black "iragefree"]
[Result "1-0"]
[ICCResult "Black checkmated"]
[WhiteElo "1580"]
[BlackElo "1846"]
[Opening "Queen's pawn game"]
[ECO "A46"]
[NIC "QP.06"]
[Time "14:47:39"]
[TimeControl "180+0"]

1. d4 Nf6 2. Nf3 c5 3. e3 Nc6 4. Bd3 e6 5. O-O d5 6. b3 Be7 7. Bb2 O-O 8.
Nbd2 cxd4 9. exd4 a6 10. a3 b5 11. Qe2 Bd6 12. Ne5 Nd7 13. Nxc6 Qc7 14. Ne5
f6 15. Nxd7 Bxd7 16. Rae1 Rae8 17. Qh5 f5 18. Qe2 Bxh2+ 19. Kh1 Bd6 20. Nf3
Rf6 21. Ne5 Rh6+ 22. Kg1 Rf8 23. Nxd7 Qxd7 24. Bc1 Bh2+ 25. Kh1 f4 26. Qg4
Bg3+ 27. Kg1 Bh2+ 28. Kh1 Qe7 29. Re5 Bg3+ 30. Kg1 Bh2+ 31. Kh1 Bg3+ 32. Kg1
Rff6 33. fxg3 fxg3 34. Bxh6 Rxf1+ 35. Kxf1 Qf6+ 36. Bf4 h6 37. Qxe6+ Qxe6
38. Rxe6 Kf7 39. Rxa6 b4 40. Bxg3 bxa3 41. Rxa3 g5 42. c4 dxc4 43. bxc4 h5
44. Be5 h4 45. Kf2 Ke6 46. Ra6+ Kd7 47. Rg6 g4 48. Rxg4 h3 49. gxh3 Ke6 50.
Kf3 Ke7 51. Ke4 Kf7 52. Rg7+ Ke8 53. Kf5 Kd8 54. d5 Kc8 55. c5 Kd8 56. c6
Kc8 57. d6 Kd8 58. Rg8# {Black checkmated} 1-0

[Event "ICC Open 2015"]
[Site "Internet Chess Club"]
[Date "2015.05.29"]
[Round "5"]
[White "paraguayo"]
[Black "AMKE"]
[Result "1-0"]
[ICCResult "Black forfeits on time"]
[WhiteElo "1772"]
[BlackElo "1498"]
[Opening "French: Rubinstein variation"]
[ECO "C10"]
[NIC "FR.07"]
[Time "14:48:03"]
[TimeControl "180+0"]

1. e4 e6 2. d4 d5 3. Nc3 dxe4 4. Nxe4 Bd7 5. c3 Bc6 6. Bd3 Nd7 7. Bg5 Ngf6
8. Nf3 Be7 9. Nxf6+ Bxf6 10. Bf4 O-O 11. O-O Bxf3 12. Qxf3 c6 13. Rfe1 Re8
14. h3 e5 15. dxe5 Nxe5 16. Bxe5 Bxe5 17. Bc2 Qc7 18. Rad1 g6 19. Bb3 Rad8
20. Rxd8 Bh2+ 21. Kf1 Rxd8 22. g3 Rd6 23. Kg2 Bxg3 24. Qxg3 Qd8 25. Qe3 Kg7
26. Qe7 Qxe7 27. Rxe7 Rf6 28. Rxb7 c5 29. Rxa7 Re6 30. Bxe6 Kf6 31. Bc4 Ke5
32. Rxf7 g5 33. Rf3 h5 34. Re3+ Kf4 35. a4 g4 36. a5 h4 37. hxg4 h3+ 38.
Rxh3 Ke4 39. Rf3 {Black forfeits on time} 1-0

[Event "ICC Open 2015"]
[Site "Internet Chess Club"]
[Date "2015.05.29"]
[Round "5"]
[White "zona"]
[Black "Gambit101"]
[Result "0-1"]
[ICCResult "White resigns"]
[WhiteElo "2533"]
[BlackElo "3171"]
[Opening "Sicilian defense"]
[ECO "B40"]
[NIC "SI.43"]
[Time "14:48:31"]
[TimeControl "180+0"]

1. e4 c5 2. Nf3 e6 3. d3 Nc6 4. g3 d5 5. Nbd2 Bd6 6. Bg2 Nge7 7. O-O O-O 8.
Re1 Bc7 9. c3 f6 10. Qc2 b6 11. Nf1 Bb7 12. a3 Rc8 13. b4 d4 14. b5 Ne5 15.
Nxe5 fxe5 16. c4 Ng6 17. h4 Bd6 18. Qe2 Rc7 19. Qg4 Bc8 20. a4 Rcf7 21. Ra2
a5 22. h5 Ne7 23. Bg5 Kh8 24. Nh2 Qe8 25. Rf1 Ng8 26. Bc1 Nf6 27. Qh3 h6 28.
f4 exf4 29. gxf4 Bxf4 30. Rxf4 e5 31. Rf5 Bxf5 32. exf5 e4 33. dxe4 Nxe4 34.
Re2 Re7 35. Qh4 Nf6 36. Rxe7 Qxe7 37. Ng4 Qe2 38. Nxf6 Qd1+ 39. Kh2 Rxf6 40.
Bf4 Qe2 41. Qh3 d3 42. Qe3 Rxf5 43. Qe8+ Qxe8 {White resigns} 0-1

[Event "ICC Open 2015"]
[Site "Internet Chess Club"]
[Date "2015.05.29"]
[Round "5"]
[White "legatus"]
[Black "kava"]
[Result "0-1"]
[ICCResult "White forfeits on time"]
[WhiteElo "2390"]
[BlackElo "2903"]
[Opening "Sicilian: Najdorf, Lipnitzky attack"]
[ECO "B86"]
[NIC "SI.13"]
[Time "14:48:37"]
[TimeControl "180+0"]

1. e4 c5 2. Nf3 d6 3. d4 cxd4 4. Nxd4 Nf6 5. Nc3 a6 6. Bc4 e6 7. O-O b5 8.
Bb3 Be7 9. Qf3 Qb6 10. Be3 Qb7 11. Qg3 O-O 12. f3 Kh8 13. Rad1 Bd7 14. Kh1
a5 15. a3 b4 16. axb4 a4 17. Ba2 Qxb4 18. Rb1 a3 19. Nd1 axb2 20. Rxb2 Qa3
21. Bb3 Qa6 22. Rg1 e5 23. Nf5 Bxf5 24. exf5 Nbd7 25. Nf2 d5 26. Ng4 Nxg4
27. fxg4 d4 28. Bd2 Ba3 29. Ra2 Qd6 30. g5 Nc5 31. Qf3 e4 32. Qh3 e3 33. Be1
Nxb3 34. cxb3 Bc5 35. Rxa8 Rxa8 36. f6 d3 37. Bg3 Qe6 38. Qh5 e2 39. fxg7+
Kg8 40. Rb1 d2 {White forfeits on time} 0-1

[Event "ICC Open 2015"]
[Site "Internet Chess Club"]
[Date "2015.05.29"]
[Round "5"]
[White "Krijbie"]
[Black "kobayashi"]
[Result "0-1"]
[ICCResult "White forfeits on time"]
[WhiteElo "1141"]
[BlackElo "1959"]
[Opening "Old Benoni defense"]
[ECO "A43"]
[NIC "OI.09"]
[Time "14:47:46"]
[TimeControl "180+0"]

1. d4 c5 2. c4 cxd4 3. Qxd4 Nc6 4. Qh4 Qb6 5. Nc3 e6 6. e4 Bb4 7. Bd2 Nf6 8.
Nf3 a6 9. Bd3 Nd4 10. e5 Nxf3+ 11. gxf3 Ng8 12. O-O Ne7 13. Bg5 Ng6 14. Na4
Nxh4 15. Nxb6 Nxf3+ 16. Kh1 Nxg5 17. Rg1 Rb8 18. Rxg5 O-O 19. Rag1 g6 20.
Na4 b5 21. Nc3 Bxc3 22. bxc3 Bb7+ {White forfeits on time} 0-1

[Event "ICC Open 2015"]
[Site "Internet Chess Club"]
[Date "2015.05.29"]
[Round "5"]
[White "seamesa"]
[Black "RdgMx"]
[Result "0-1"]
[ICCResult "White forfeits on time"]
[WhiteElo "1239"]
[BlackElo "1854"]
[Opening "French defense"]
[ECO "C00"]
[NIC "FR.01"]
[Time "14:47:26"]
[TimeControl "180+0"]

1. e4 e6 2. Bc4 d5 3. exd5 exd5 4. Bb3 Nf6 5. Nf3 Bc5 6. O-O O-O 7. d3 c6 8.
Bg5 h6 9. Bh4 Bg4 10. h3 Bh5 11. g4 Bg6 12. Bg3 Re8 13. Nbd2 Nbd7 14. Nh4
Nf8 15. Re1 Qb6 16. Rxe8 Rxe8 17. Qf1 Ne6 18. Re1 Nd4 19. c3 Nxb3 20. Rxe8+
Nxe8 21. Nxb3 Be7 22. Nxg6 fxg6 23. Qe2 Qd8 24. Nd4 Bf6 25. Ne6 Qe7 26. f4
Nc7 27. f5 Nxe6 28. Qxe6+ Qxe6 29. fxe6 Kf8 30. Bd6+ Be7 31. Be5 Bf6 32. Bb8
Ke7 33. Bxa7 Kxe6 34. Bc5 Bg5 35. a4 Bc1 36. b4 Bd2 37. c4 dxc4 38. dxc4 Kd7
39. b5 Ke6 40. b6 Ke5 41. Bf8 Kd4 42. c5 Kc4 43. Bxg7 Kxc5 44. a5 Kb5 45.
Kf2 Kxa5 46. Ke2 Bg5 47. Kd3 Kxb6 48. Kc4 Kc7 49. Kc5 Be3+ 50. Kc4 b5+ 51.
Kc3 c5 52. Kb3 Kc6 53. h4 h5 54. gxh5 gxh5 55. Be5 Bf2 56. Bf6 Kd5 57. Kc3
Be1+ 58. Kc2 b4 59. Kb3 c4+ 60. Kc2 Bg3 {White forfeits on time} 0-1

[Event "ICC Open 2015"]
[Site "Internet Chess Club"]
[Date "2015.05.29"]
[Round "5"]
[White "Yule"]
[Black "muhit"]
[Result "1-0"]
[ICCResult "Black forfeits on time"]
[WhiteElo "2624"]
[BlackElo "2044"]
[Opening "Ruy Lopez: closed (10...c5)"]
[ECO "C96"]
[NIC "RL.23"]
[Time "14:48:12"]
[TimeControl "180+0"]

1. e4 e5 2. Nf3 Nc6 3. Bb5 a6 4. Ba4 Nf6 5. O-O Be7 6. Re1 b5 7. Bb3 d6 8.
c3 O-O 9. h3 Na5 10. Bc2 c5 11. d3 Bb7 12. Nbd2 Re8 13. Nf1 Bf8 14. N3h2 Nc6
15. Ng3 Ne7 16. Ng4 Ng6 17. Bg5 Be7 18. Qf3 Nxg4 19. Bxe7 Qxe7 20. hxg4 Qg5
21. Nf5 Rad8 22. g3 Bc8 23. Kg2 Bxf5 24. exf5 Nf8 25. Rad1 d5 26. Rh1 h6 27.
Rh5 Qf6 28. g5 e4 29. gxf6 exf3+ 30. Kxf3 Nh7 31. fxg7 Ng5+ 32. Kg2 Kxg7 33.
Rdh1 Rd6 34. Bd1 c4 35. f4 Nh7 36. d4 Rh8 37. Bf3 Nf8 38. R5h2 Nd7 39. Re1
Nf6 40. g4 Re8 41. Rxe8 Nxe8 42. Kg3 Nf6 43. Re2 Kf8 44. g5 hxg5 45. fxg5
Nd7 46. Kf4 a5 47. f6 b4 48. Bg4 Nb6 49. Rh2 Kg8 50. Bf5 bxc3 51. bxc3 Nd7
52. Bxd7 Rxd7 53. Rb2 Rd8 54. Rb5 Kh7 55. Kf5 a4 56. Ra5 Rb8 57. Rxd5 Rb2
58. Rc5 Rf2+ 59. Ke4 Kg6 60. Rxc4 Rxa2 61. Rc7 a3 62. Ra7 Ra1 63. Kd5 a2 64.
c4 Kxg5 65. c5 Kxf6 66. c6 {Black forfeits on time} 1-0

[Event "ICC Open 2015"]
[Site "Internet Chess Club"]
[Date "2015.05.29"]
[Round "5"]
[White "PajoPatak"]
[Black "vicmel"]
[Result "1-0"]
[ICCResult "Black forfeits on time"]
[WhiteElo "1485"]
[BlackElo "1961"]
[Opening "Sicilian: closed, 2...Nc6"]
[ECO "B23"]
[NIC "SI.44"]
[Time "14:47:21"]
[TimeControl "180+0"]

1. e4 c5 2. Nc3 Nc6 3. Bb5 Nd4 4. Nf3 Nxb5 5. Nxb5 a6 6. Nc3 d6 7. d4 cxd4
8. Qxd4 Nf6 9. Bg5 Be6 10. O-O Qc7 11. Rac1 Qc4 12. Qxc4 Bxc4 13. Rfe1 e6
14. e5 dxe5 15. Nxe5 Rc8 16. b3 Bb4 17. Na4 Bb5 18. c3 Ba3 19. Rc2 Bxa4 20.
bxa4 Bb4 21. Rec1 Ba5 22. c4 Rc5 23. Bxf6 gxf6 24. Ng4 Ke7 25. Ne3 Rg8 26.
h4 h5 27. g3 Rgc8 28. Kf1 f5 29. Ng2 b5 30. axb5 axb5 31. Nf4 bxc4 32. Nxh5
c3 33. Nf4 Rd8 34. Ne2 Rd2 35. h5 Rxc2 36. Rxc2 Kf6 37. Nd4 Kg5 38. Nb3 Rb5
39. Nxa5 Rxa5 40. Rxc3 Rxa2 41. Rc7 Kxh5 42. Rxf7 Kg5 43. Rc7 e5 44. Rc5 e4
45. Kg2 Rb2 46. Kf1 Ra2 47. Rd5 Kg4 48. Re5 Ra3 49. Rd5 e3 50. Rd8 exf2 51.
Kxf2 Ra2+ 52. Kg1 Kxg3 53. Rg8+ Kf3 54. Rf8 f4 55. Re8 Ra1+ 56. Kh2 Kf2 57.
Rf8 f3 58. Rf7 Ra4 59. Kh3 Ra5 60. Rf5 {Black forfeits on time} 1-0

[Event "ICC Open 2015"]
[Site "Internet Chess Club"]
[Date "2015.05.29"]
[Round "5"]
[White "Schurick"]
[Black "supermouse"]
[Result "0-1"]
[ICCResult "White resigns"]
[WhiteElo "2278"]
[BlackElo "2689"]
[Opening "Réti opening"]
[ECO "A04"]
[NIC "QP.11"]
[Time "14:47:43"]
[TimeControl "180+0"]

1. Nf3 d6 2. g3 g6 3. Bg2 Bg7 4. d3 Nf6 5. O-O O-O 6. Nbd2 c5 7. e4 Nc6 8.
a4 Rb8 9. Re1 a6 10. e5 dxe5 11. Nxe5 Nxe5 12. Rxe5 b6 13. Qe1 e6 14. Nc4
Nd5 15. Re2 Nb4 16. Bf4 Rb7 17. Nd6 Rd7 18. Nxc8 Qxc8 19. Rb1 c4 20. dxc4
Qxc4 21. Re4 Rd4 22. Rxd4 Bxd4 23. c3 Nd3 24. Bf1 Bc5 25. Qe2 e5 26. Bh6 Rd8
27. Rd1 e4 28. Be3 Qxa4 29. Bxc5 bxc5 30. Rd2 Re8 31. f3 c4 32. fxe4 Qc6 33.
Bg2 Qc5+ 34. Kf1 a5 35. Qf3 Re6 36. g4 Qg5 37. Ke2 Rf6 38. Rxd3 Rxf3 39.
Rxf3 Qc1 40. Kf2 Qxb2+ 41. Kg3 a4 42. e5 a3 43. Rf4 Qxc3+ 44. Kh4 Qxe5 45.
Rf3 Qxh2+ 46. Bh3 a2 47. Ra3 Kg7 48. g5 h6 49. gxh6+ Kxh6 {White resigns}
0-1

[Event "ICC Open 2015"]
[Site "Internet Chess Club"]
[Date "2015.05.29"]
[Round "5"]
[White "hawk12"]
[Black "chessrex"]
[Result "1/2-1/2"]
[ICCResult "Game drawn because neither player has mating material"]
[WhiteElo "1722"]
[BlackElo "2065"]
[Opening "Philidor: López counter-gambit"]
[ECO "C41"]
[NIC "KP.10"]
[Time "14:47:40"]
[TimeControl "180+0"]

1. e4 e5 2. Nf3 d6 3. Bc4 f5 4. d3 Nc6 5. c3 Nf6 6. Bg5 Qe7 7. b4 f4 8. a4
h6 9. Bxf6 Qxf6 10. Na3 Be6 11. Qb3 Nd8 12. Nb5 Qf7 13. Bxe6 Nxe6 14. Qxe6+
Qxe6 15. Nxc7+ Kd7 16. Nxe6 Kxe6 17. d4 Rc8 18. Kd2 Be7 19. d5+ Kd7 20. Rhc1
g5 21. h3 h5 22. Nh2 Rcg8 23. f3 Rc8 24. Rc2 Rc7 25. Rac1 b6 26. c4 Rhc8 27.
Kd3 Ke8 28. Nf1 Kd7 29. Nd2 Rg8 30. Nb3 g4 31. hxg4 hxg4 32. Rh1 gxf3 33.
gxf3 Rg3 34. Nd2 Rc8 35. Rcc1 Rcg8 36. Rh7 R8g7 37. Rxg7 Rxg7 38. Rh1 Kc7
39. Rh3 Kb7 40. Nb3 Kc7 41. Nd2 Kb7 42. Rh1 Kc7 43. Ra1 Bh4 44. a5 Bf2 45.
axb6+ Kxb6 46. b5 Be3 47. Ra6+ Kc5 48. Rc6+ Kb4 49. Rxd6 Bxd2 50. Kxd2 Kxc4
51. b6 axb6 52. Rxb6 Rg2+ 53. Ke1 Rg7 54. Re6 Kd4 55. d6 Rd7 56. Rg6 Kc5 57.
Rg5 Kxd6 58. Ke2 Rb7 59. Rg6+ Kc5 60. Re6 Rb2+ 61. Kd3 Rb3+ 62. Kc2 Rxf3 63.
Rxe5+ Kd4 64. Re8 Re3 65. Kd2 Rxe4 66. Rxe4+ Kxe4 67. Ke2 Kf5 68. Kf3 Kg5
69. Kf2 Kg4 70. Kg2 f3+ 71. Kf2 Kf4 72. Kf1 Ke3 73. Ke1 Ke4 74. Kf2 Kf4 75.
Kf1 Kg3 76. Kg1 Kg4 77. Kf2 Kf4 78. Kf1 Ke4 79. Kf2 Kd3 80. Kxf3
{Game drawn because neither player has mating material}
1/2-1/2

[Event "ICC Open 2015"]
[Site "Internet Chess Club"]
[Date "2015.05.29"]
[Round "5"]
[White "jaybird"]
[Black "kolding"]
[Result "0-1"]
[ICCResult "White forfeits on time"]
[WhiteElo "1503"]
[BlackElo "1776"]
[Opening "Dutch-Indian, Alekhine variation"]
[ECO "A90"]
[NIC "HD.03"]
[Time "14:48:01"]
[TimeControl "180+0"]

1. d4 f5 2. c4 Nf6 3. g3 e6 4. Bg2 Bb4+ 5. Bd2 Be7 6. Nh3 O-O 7. O-O Qe8 8.
Qc2 d6 9. Nc3 Nbd7 10. e4 Qh5 11. exf5 exf5 12. Nf4 Qf7 13. Nfd5 Bd8 14.
Rae1 Kh8 15. Qxf5 Ne5 16. Qc2 Nxc4 17. Nxf6 Nxd2 18. Qxd2 Bxf6 19. d5 Bd7
20. a4 Bxc3 21. bxc3 Bxa4 22. Re3 Bb5 23. Rfe1 Rae8 24. Rxe8 Rxe8 25. Rxe8+
Qxe8 26. h3 h6 27. Qd4 b6 28. c4 Bd7 29. Kh2 Qe5 30. Qxe5 dxe5 31. Be4 a5
32. Kg1 Kg8 33. Kf1 Kf7 34. Ke2 Kf6 35. h4 Bf5 36. Bxf5 Kxf5 37. f3 a4 38.
Kd2 e4 39. fxe4+ Kxe4 40. Kc3 Kf3 41. Kb4 Kxg3 42. Kxa4 Kxh4 43. Kb5 g5 44.
Kc6 g4 45. Kxc7 g3 46. d6 g2 47. d7 g1=Q 48. d8=Q+ Qg5 49. Qxg5+ hxg5 50.
Kxb6 g4 51. c5 g3 52. c6 g2 53. c7 g1=Q+ 54. Kb7 Qb1+ 55. Ka8 Qc2 56. Kb7
Qb3+ 57. Ka8 Qc4 58. Kb7 Qb5+ 59. Kc8 Qc5 60. Kb8 Qb5+ 61. Kc8 Qc5 62. Kb8
Qe5 {White forfeits on time} 0-1

[Event "ICC Open 2015"]
[Site "Internet Chess Club"]
[Date "2015.05.29"]
[Round "5"]
[White "Spirals"]
[Black "nitishdas"]
[Result "1-0"]
[ICCResult "Black resigns"]
[WhiteElo "2171"]
[BlackElo "1788"]
[Opening "Sicilian"]
[ECO "B50"]
[NIC "SI.01"]
[Time "14:47:56"]
[TimeControl "180+0"]

1. e4 c5 2. Nf3 d6 3. Nc3 g6 4. g3 Bg7 5. Bg2 Nc6 6. O-O e6 7. d3 Nge7 8.
Be3 O-O 9. Qd2 Nd4 10. Ne1 a6 11. Bh6 Rb8 12. Bxg7 Kxg7 13. a4 b5 14. axb5
axb5 15. f4 b4 16. Ne2 Nec6 17. Nc1 Qb6 18. Kh1 Ba6 19. Ne2 Nxe2 20. Qxe2
Nd4 21. Qf2 Rfc8 22. b3 Nb5 23. f5 exf5 24. exf5 Rf8 25. f6+ Kh8 26. Qf4 Nd4
27. Qh6 Nf5 28. Rxf5 Rg8 29. Rf4 g5 30. Rf5 Rg6 31. Qh5 Bc8 32. Rxg5 Bb7 33.
Rxg6 fxg6 34. Qh6 Qc7 35. Bxb7 Qxb7+ 36. Ng2 Re8 37. Qg7+ Qxg7 38. fxg7+
Kxg7 39. Re1 Rf8 40. Kg1 Ra8 41. Re2 Ra1+ 42. Kf2 Rh1 43. h4 g5 44. hxg5 Rh5
45. Nf4 Rxg5 46. Ne6+ {Black resigns} 1-0

[Event "ICC Open 2015"]
[Site "Internet Chess Club"]
[Date "2015.05.29"]
[Round "5"]
[White "pvchandu"]
[Black "jensak"]
[Result "0-1"]
[ICCResult "White resigns"]
[WhiteElo "1446"]
[BlackElo "1618"]
[Opening "QGD Slav defense"]
[ECO "D10"]
[NIC "SL.01"]
[Time "14:48:23"]
[TimeControl "180+0"]

1. d4 d5 2. c4 c6 3. f4 Nf6 4. Nf3 a6 5. Be3 b5 6. c5 Nbd7 7. Nc3 g6 8. Bf2
Bg7 9. e3 e6 10. Be2 O-O 11. O-O Ng4 12. e4 dxe4 13. Nxe4 Nxf2 14. Rxf2 Nf6
15. Nd6 Nd5 16. Ne5 Bd7 17. Qd2 f6 18. Ng4 e5 19. fxe5 Bxg4 20. Bxg4 fxe5
21. Be6+ Kh8 22. Rxf8+ Qxf8 23. Rf1 Qe7 24. Nf7+ Kg8 25. Ng5+ Kh8 26. Rf7
Qd8 27. Rxg7 Kxg7 28. Qf2 Qf6 29. Qh4 h5 30. Bxd5 cxd5 31. Qg3 Rf8
{White resigns}
0-1

[Event "ICC Open 2015"]
[Site "Internet Chess Club"]
[Date "2015.05.29"]
[Round "5"]
[White "truufseir"]
[Black "MrsPiggy"]
[Result "1-0"]
[ICCResult "Black forfeits on time"]
[WhiteElo "1510"]
[BlackElo "1393"]
[Opening "Philidor's defense"]
[ECO "C41"]
[NIC "KP.10"]
[Time "14:47:52"]
[TimeControl "180+0"]

1. e4 e5 2. Nf3 d6 3. Bc4 Bg4 4. h3 Bh5 5. g4 Bg6 6. d3 Nc6 7. Nc3 Nge7 8.
a3 Na5 9. Ba2 Nac6 10. Bg5 Qd7 11. Qe2 O-O-O 12. b4 b6 13. a4 Nb8 14. Bc4 a6
15. b5 a5 16. Ra3 f6 17. Qd2 fxg5 18. Nxg5 Re8 19. Be6 Qxe6 20. Nxe6 c6 21.
bxc6 Nbxc6 22. Nb5 Kd7 23. Nxf8+ Rhxf8 24. O-O h5 25. gxh5 Bxh5 26. Qg5 g6
27. f4 exf4 28. Rxf4 Rxf4 29. Qxf4 Ne5 30. d4 Nc4 31. Rc3 Nb2 32. e5 Nd5 33.
Qf7+ Re7 34. Qxd5 Nd1 35. Qxd6+ Ke8 36. Rc8+ Kf7 37. e6+ Kf6 38. Rf8+ Kg5
39. Qxe7+ {Black forfeits on time} 1-0

[Event "ICC Open 2015"]
[Site "Internet Chess Club"]
[Date "2015.05.29"]
[Round "5"]
[White "JUGGERNOT"]
[Black "capatal1"]
[Result "1-0"]
[ICCResult "Black forfeits on time"]
[WhiteElo "1845"]
[BlackElo "1481"]
[Opening "Benko's opening"]
[ECO "A00"]
[NIC "VO.09"]
[Time "14:48:49"]
[TimeControl "180+0"]

1. g3 Nf6 2. Bg2 g6 3. f4 e6 4. Nf3 Bg7 5. O-O d6 6. d3 O-O 7. e4 Nc6 8. Nc3
a6 9. Kh1 Rb8 10. Be3 Ne7 11. h3 c5 12. e5 dxe5 13. fxe5 Nfd5 14. Nxd5 Nxd5
15. Bg5 f6 16. exf6 Bxf6 17. Bxf6 Rxf6 18. Qd2 Kg7 19. Ne5 Qe7 20. Rae1 Bd7
21. Ng4 Rxf1+ 22. Rxf1 Kh8 23. Bxd5 exd5 24. Qf4 Bxg4 25. Qxb8+ Kg7 26. hxg4
h6 27. Qf4 g5 28. Qf5 d4 29. Qe4 Qd7 30. Qe5+ Kh7 31. Qf5+ Qxf5 32. gxf5 Kg7
33. g4 Kf6 34. Kg2 b5 35. Kg3 c4 36. dxc4 bxc4 37. Rd1 d3 38. cxd3 cxd3 39.
Rxd3 Ke5 40. Re3+ Kf6 41. Re6+ Kg7 42. Rxa6 {Black forfeits on time} 1-0

[Event "ICC Open 2015"]
[Site "Internet Chess Club"]
[Date "2015.05.29"]
[Round "5"]
[White "Chaos23"]
[Black "Lundendorf"]
[Result "1-0"]
[ICCResult "Black forfeits on time"]
[WhiteElo "2055"]
[BlackElo "1833"]
[Opening "Caro-Kann: two knights, 3...Bg4"]
[ECO "B11"]
[NIC "CK.01"]
[Time "14:48:13"]
[TimeControl "180+0"]

1. e4 c6 2. Nc3 d5 3. Nf3 Bg4 4. Be2 e6 5. O-O Nf6 6. exd5 cxd5 7. h3 Bh5 8.
Ne5 Bxe2 9. Qxe2 Nc6 10. Nxc6 bxc6 11. d4 Be7 12. Bf4 O-O 13. Rae1 c5 14.
Be5 cxd4 15. Bxd4 Qa5 16. f4 Rfe8 17. f5 exf5 18. Kh1 g6 19. Qf3 Ne4 20. g4
Nd2 21. Qf4 Nxf1 22. Rxf1 Bc5 23. Bf6 Qb6 24. Nxd5 Qc6 25. c4 Bf8 26. gxf5
Rac8 27. b3 Qa6 28. fxg6 hxg6 29. Bc3 Qe6 30. Nf6+ Kg7 31. Nxe8+ Kg8 32.
Nf6+ Kg7 33. Ne4+ Kg8 34. Ng5 Qc6+ 35. Kg1 Bc5+ 36. Bd4 Bxd4+ 37. Qxd4 Qc7
38. Qg4 Re8 39. Nxf7 Kg7 40. Ng5 Re7 41. Nf3 Rf7 42. Nh4 Rxf1+ 43. Kxf1 Qh2
44. Qxg6+ Kh8 45. Qh5+ {Black forfeits on time} 1-0

[Event "ICC Open 2015"]
[Site "Internet Chess Club"]
[Date "2015.05.29"]
[Round "5"]
[White "SusikoiraRoi"]
[Black "ChessNakas"]
[Result "1-0"]
[ICCResult "Black forfeits on time"]
[WhiteElo "1858"]
[BlackElo "2146"]
[Opening "French: King's Indian attack"]
[ECO "C00"]
[NIC "FR.02"]
[Time "14:47:57"]
[TimeControl "180+0"]

1. e4 e6 2. d3 d5 3. Qe2 Nf6 4. Nf3 Be7 5. g3 c5 6. Bg2 Nc6 7. O-O Qc7 8.
exd5 Nxd5 9. c4 Nf6 10. Nc3 a6 11. Re1 O-O 12. Bf4 Bd6 13. Bg5 Nd7 14. Ne4
Be7 15. Bxe7 Nxe7 16. d4 cxd4 17. Nxd4 Nc5 18. Ng5 h6 19. Ngf3 Bd7 20. b4
Na4 21. c5 Nc6 22. Nc2 Nc3 23. Qc4 Nd5 24. Nfd4 Nxd4 25. Nxd4 Bc6 26. a4
Rad8 27. b5 axb5 28. axb5 Be8 29. Rxe6 fxe6 30. Nxe6 Qf7 31. Nxd8 Qxf2+ 32.
Kh1 Bf7 33. Nxf7 Qxg2+ 34. Kxg2 Ne3+ 35. Kg1 Nxc4 36. Nd6 Nxd6 37. cxd6 Rd8
38. Ra7 Kf7 39. Rxb7+ Ke6 40. Rxg7 Rxd6 41. Rg6+ Kd5 42. Rxd6+ Kxd6 43. Kg2
{Black forfeits on time}
1-0

[Event "ICC Open 2015"]
[Site "Internet Chess Club"]
[Date "2015.05.29"]
[Round "5"]
[White "Parsifal"]
[Black "MoonlightWizard"]
[Result "0-1"]
[ICCResult "White resigns"]
[WhiteElo "2402"]
[BlackElo "3010"]
[Opening "Queen's pawn game"]
[ECO "A46"]
[NIC "QP.05"]
[Time "14:49:02"]
[TimeControl "180+0"]

1. d4 Nf6 2. Nf3 e6 3. Bf4 b6 4. e3 Bb7 5. Bd3 Be7 6. c4 O-O 7. Nc3 d5 8.
Qc2 Nbd7 9. cxd5 exd5 10. O-O-O Bb4 11. Ne2 c5 12. Kb1 Rc8 13. dxc5 Nxc5 14.
Bf5 Ne6 15. Qb3 Be7 16. Ned4 Nxd4 17. Nxd4 Rc5 18. f3 Ba6 19. Bd3 Bc4 20.
Bxc4 dxc4 21. Qa4 Qa8 22. e4 Rfc8 23. Nf5 Bf8 24. Bd2 Nxe4 25. fxe4 Qxe4+
26. Ka1 Qxf5 27. Qxa7 Qg6 28. Bc3 R5c7 29. Qa6 Qc6 30. Bd4 Ra8 31. Qxb6 Qa4
32. a3 Rc6 33. Qb7 c3 34. Kb1 c2+ {White resigns} 0-1

[Event "ICC Open 2015"]
[Site "Internet Chess Club"]
[Date "2015.05.29"]
[Round "5"]
[White "Rotchopf"]
[Black "maki89"]
[Result "0-1"]
[ICCResult "White checkmated"]
[WhiteElo "1843"]
[BlackElo "2366"]
[Opening "KP: Nimzovich defense"]
[ECO "B00"]
[NIC "VO.05"]
[Time "14:47:56"]
[TimeControl "180+0"]

1. e4 Nc6 2. Nf3 d6 3. Bc4 g6 4. O-O Bg7 5. c3 Nf6 6. Re1 Bg4 7. d4 O-O 8.
Nbd2 e5 9. d5 Ne7 10. Nf1 Ne8 11. Ng3 Bd7 12. Bd2 h6 13. Qc1 Kh7 14. h4 f5
15. exf5 Nxf5 16. h5 Nxg3 17. hxg6+ Kxg6 18. fxg3 Kh7 19. Nh4 Kg8 20. Bxh6
Qf6 21. Bg5 Qf2+ 22. Kh2 Nf6 23. Rf1 Ng4+ 24. Kh1 Qxg3 25. Rxf8+ Rxf8 26.
Nf3 Rxf3 27. Bf4 Rxf4 28. Qxf4 exf4 29. Kg1 f3 30. Bf1 f2+ 31. Kh1 Qh2#
{White checkmated}
0-1

[Event "ICC Open 2015"]
[Site "Internet Chess Club"]
[Date "2015.05.29"]
[Round "5"]
[White "mvillalba"]
[Black "saya"]
[Result "1-0"]
[ICCResult "Black resigns"]
[WhiteElo "2168"]
[BlackElo "2635"]
[Opening "French: exchange variation"]
[ECO "C01"]
[NIC "FR.01"]
[Time "14:48:40"]
[TimeControl "180+0"]

1. e4 e6 2. d4 d5 3. exd5 exd5 4. Bd3 Bd6 5. Qf3 Nc6 6. Ne2 Nge7 7. c3 Be6
8. Bf4 Qd7 9. Bxd6 Qxd6 10. Qg3 Qxg3 11. hxg3 h6 12. Nd2 O-O-O 13. O-O-O Bf5
14. Bxf5+ Nxf5 15. Nf4 Rhe8 16. Rde1 Nce7 17. Nf3 Nd6 18. Nd2 c6 19. Re2 Ng8
20. Rhe1 Rxe2 21. Rxe2 Nf6 22. f3 Kd7 23. Nd3 Kc7 24. Ne5 Re8 25. Kd1 Re7
26. Nd3 Rd7 27. Ne5 Rd8 28. Nd3 Ng8 29. Nf1 b6 30. Ne3 Re8 31. Ng4 Rf8 32.
Nge5 Nf5 33. g4 Nd6 34. Nf4 Re8 35. Ned3 Rxe2 36. Kxe2 Nc4 37. Nh5 g6 38.
Ng3 Nf6 39. Nf1 Nd7 40. Ne3 Nd6 41. g3 Nb5 42. Ng2 Kd6 43. Ne3 Nc7 44. Nc2
Ne6 45. Ne3 c5 46. dxc5+ bxc5 47. Nf4 Nc7 48. Kd2 Ne5 49. Ke2 d4 50. cxd4
cxd4 51. Nc2 Kc5 52. Nd3+ Nxd3 53. Kxd3 Ne6 54. f4 f5 55. gxf5 gxf5 56. b4+
Kd5 57. a3 a6 58. a4 h5 59. a5 h4 60. gxh4 Nxf4+ 61. Kd2 Kc4 62. Kd1 Kc3 63.
b5 d3 64. Ne3 axb5 65. a6 Kd4 66. a7 Kxe3 67. a8=Q Ne2 68. Qe8+ Kd4 69. Kd2
Nf4 70. Qe3+ Kc4 71. Qxf4+ Kb3 72. Qd4 b4 73. Qxd3+ {Black resigns} 1-0